 Dungeon Crawl Stone Soup version 0.31-a0-1388-g4b2ba238e7 (webtiles) character file.

Game seed: 8238468534710443916

128 timneilson the Shield-Bearer (level 5, -4/33 HPs)
             Began as a Gargoyle Fighter on Dec 25, 2023.
             Slain by a gnoll
             ... wielding a +0 heavy flail
              (16 damage)
             ... on level 3 of the Dungeon.
             The game lasted 00:03:44 (1608 turns).

timneilson the Shield-Bearer (Gargoyle Fighter)     Turns: 1608, Time: 00:03:45

Health: -4/33      AC: 13    Str: 20    XL:     5   Next: 11%
Magic:  5/5        EV:  8    Int:  8    God:
Gold:   89         SH:  4    Dex: 11    Spells: 4/4 levels left

rFire   . . .        a - +0 long sword
rCold   . . .        c - +0 buckler
rNeg    + . .        m - +0 chain mail
rPois   ∞            (no helmet)
rElec   +            (no cloak)
rCorr   .            (no gloves)
SInv    .            (no boots)
Will    .....        (no amulet) Stlth
                     h - ring of flight
HPRegen 0.25/turn    (no ring)
MPRegen 0.09/turn

%: no passive effects
@: flying
A: sickness immunity, AC +4, negative energy resistance 1, electricity
resistance, torment resistance 1, petrification resistance
a: no special abilities


You were on level 3 of the Dungeon.
You visited 1 branch of the dungeon, and saw 3 of its levels.

You collected 89 gold pieces.

Inventory:

Hand Weapons
 a - a +0 long sword (weapon)
Missiles
 j - a throwing net
Armour
 c - a +0 buckler (worn)
 m - a +0 chain mail (worn)
Jewellery
 h - a ring of flight (left hand)
Scrolls
 f - a scroll of amnesia
Potions
 b - a potion of experience {unknown}
 d - a potion of might
 g - 2 potions of curing {unknown}
 i - a potion of mutation {unknown}
 n - a potion of cancellation {unknown}


   Skills:
 + Level 3.7 Fighting
 * Level 2.8 Long Blades
 * Level 4.1 Armour
 + Level 1.0 Dodging
 * Level 4.2 Shields


You had 4 spell levels left.
You didn't know any spells.
Your spell library contained the following spells:

 Spells                   Type           Power      Damage    Failure   Level
 Kiss of Death            Conj/Necr      0%         2d5       98%         1
 Confusing Touch          Hex            0%         N/A       100%        3
 Dispel Undead            Necr           0%         3d6       100%        4
 Alistair's Intoxication  Alch           0%         N/A       100%        5
 Borgnjor's Vile Clutch   Necr/Erth      0%         N/A       100%        5
 Eringya's Noxious Bog    Alch           0%         4d6       100%        6


Dungeon Overview and Level Annotations

Branches:
Dungeon (3/15)

Altars:

Shops:
D:3 !


Innate Abilities, Weirdness & Mutations

You are immune to sickness and miasma.
Your stone body is resilient. (AC +4)
You are immune to poison.
You resist negative energy. (rN+)
You are resistant to electric shocks. (rElec)
You are resistant to unholy torment.
You are immune to petrification.


Message History

The gnoll hits you but does no damage.
You closely miss the gnoll. The gnoll barely misses you.
The gnoll hits you but does no damage.
The gnoll hits you from afar with a +0 spear.
You block the gnoll's attack.
You barely miss the gnoll. The gnoll barely misses you.
The gnoll hits you but does no damage.
You slash the gnoll!
The gnoll is heavily wounded.
The gnoll hits you but does no damage.
The gnoll hits you from afar with a +0 spear.
You closely miss the gnoll.
The gnoll is heavily wounded.
The gnoll hits you but does no damage. x2; The gnoll barely misses you.
The gnoll hits you but does no damage.
You slash the gnoll!
You kill the gnoll!
The gnoll hits you but does no damage.
Your Dodging skill increases to level 1!
You have reached level 5!
The gnoll attacks as it pursues you! The gnoll hits you but does no damage.
The gnoll attacks as it pursues you! You block the gnoll's attack.
The gnoll attacks as it pursues you! The gnoll hits you but does no damage.
The gnoll hits you with a +0 spear.
You hit the gnoll.
The gnoll is heavily wounded.
The gnoll hits you with a +0 spear.
You hit the gnoll.
The gnoll is almost dead.
The gnoll hits you with a +0 spear.
You hit the gnoll.
You kill the gnoll!
The gnoll barely misses you.
You hit the gnoll.
The gnoll is moderately wounded.
The gnoll hits you from afar with a +0 halberd.
You hit the gnoll.
The gnoll is severely wounded.
The gnoll hits you with a +0 heavy flail!
You die...

# #.. ....# #...#
###.# #..###.#.#
..#.# #....##)#
....# ####.#.###.#
..#.# #.......>..#
..#.###≈≈≈##.###.#
.....)~~~≈≈#.# #g#
........∩≈≈..# #g#
#.#.##~≈≈≈≈#####@##
#.#.###≈≈≈## #...#
#.#.# #.###
#.......# #.#.# #.#
#...###.# #.#.# #.#
##### #.#.# #.# #.#


You could see 2 gnolls.

Vanquished Creatures
  5 gnolls
  4 adders (D:2)
  A dart slug (D:1)
  5 ball pythons
  9 endoplasms
  3 hobgoblins
  2 bats (D:1)
  3 frilled lizards
  2 goblins
  9 kobolds
  5 rats
48 creatures vanquished.

Notes
Turn   | Place    | Note
-------+----------+-------------------------------------------
     0 | D:1      | timneilson the Gargoyle Fighter began the quest for the
                  | Orb.
     0 | D:1      | Reached XP level 1. HP: 14/14 MP: 1/1
    83 | D:1      | Reached XP level 2. HP: 18/19 MP: 2/2
   477 | D:1      | Reached XP level 3. HP: 23/23 MP: 3/3
  1131 | D:2      | Reached XP level 4. HP: 25/28 MP: 4/4
  1557 | D:3      | Found Koferacw's Distillery.
  1597 | D:3      | Reached skill level 1 in Dodging
  1597 | D:3      | Reached XP level 5. HP: 25/33 MP: 5/5
  1608 | D:3      | Slain by a gnoll

Illustrated notes

Levels and vault maps discovered:
D:1:      scummos_arrival_simple_fountains, layout_loops_cross,
          serial_bayou_pond_c, chequers_serial_rivers_micro_e,
          minmay_indecisive_spiral
D:2:      layout_basic
D:3:      layout_loops_ring, nicolae_overflow_ecumenical_swirl,
          portal_sewer_entry_b, serial_shops, nicolae_shop_waterfront,
          patterned_corridor, uniq_natasha

Skill      XL: |  1  2  3  4 |
---------------+-------------+-----
Long Blades    | 2 |  2.8
Armour         | 4 |  4.1
Shields        | 4 |  4.2
Dodging        | 1 |  1.0
Fighting       | |  3.7

Action                     |  1- 3 |  4- 6 || total
---------------------------+-------+-------++-------
  Melee: Long sword        |    95 |    46 ||   141
    Use: Scroll            |       |     4 ||     4
 Armour: Scale mail        |    29 |       ||    29
         Chain mail        |    25 |    49 ||    74
  Dodge: Dodged            |    40 |    18 ||    58
  Block: Buckler           |    15 |     6 ||    21

Table legend: (Time is in decaauts)
 A = Elapsed time spent in this place.
 B = Non-inter-level travel time spent in this place.
 C = Inter-level travel time spent in this place.
 D = Time resting spent in this place.
 E = Time spent auto-exploring this place.
 F = Levels seen in this place.
 G = Mean time per level.
                   A        B        C        D        E       F      G
               +--------+--------+--------+--------+--------+-----+--------+
         Total |   1655 |   1602 |     53 |      0 |   1231 |   3 |  551.7 |
       Dungeon |   1655 |   1602 |     53 |      0 |   1231 |   3 |  551.7 |
               +--------+--------+--------+--------+--------+-----+--------+

Top non-repeatable levels by time:
     D:1: 809 daAuts
     D:2: 755 daAuts
     D:3: 90 daAuts
